 Dungeon Crawl Stone Soup version 0.30-a0-568-g124715a40b (webtiles) character file.

Game seed: 4796423310877430801

8287 mdonais the Conjurer (level 11, -12/78 HPs)
             Began as an Octopode Delver on Dec 27, 2022.
             Was a Priest of Ashenzari.
             Shot with an arrow by a centaur warrior (14 damage)
             ... on level 10 of the Dungeon on Dec 28, 2022.
             The game lasted 01:22:21 (11426 turns).

mdonais the Conjurer (Octopode Delver)             Turns: 11426, Time: 01:22:21

Health: -12/78     AC:  1    Str: 12    XL:     11   Next: 28%
Magic:  36/49      EV: 15    Int: 14    God:    Ashenzari [***...]
Gold:   237        SH:  6    Dex: 16    Spells: 3/24 levels left

rFire   + . .      SeeInvis +    b - staff of cold
rCold   . . .      Faith    .    r - +0 buckler of Supernal Wisdom {Melee, Fort} (curse)
rNeg    . . .      Spirit   .    (helmet restricted)
rPois   .          Reflect  .    (no amulet)
rElec   .          Harm     .    c - ring of the Fated Urgency {MP+9, Bglg, Melee} (curse)
rCorr   .          Rampage  .    n - ring "Shattered Together" {MP+9, Self, Melee} (curse)
Will    .....      Clarity  +    w - ring "Astrological Dogma" {Wiz, Cun, Fort} (curse)
Stlth   +++++                    R - ring of the Profound Cosmos {MP+9, Self, Fort} (curse)
HPRegen 0.33/turn                K - ring "Share My Soothsayer" {Fire, Evo, Elem} (curse)
MPRegen 0.31/turn                (no ring)
                                 (no ring)
                                 (no ring)

@: about to teleport
A: almost no armour, amphibious, 8 rings, camouflage 1, gelatinous body 1,
(nimble swimmer 1), tentacles
a: Renounce Religion, Curse Item, Shatter the Chains


You were on level 10 of the Dungeon.
You worshipped Ashenzari.
Ashenzari was most pleased with you.
You visited 1 branch of the dungeon, and saw 10 of its levels.
You also visited: Bailey.

You collected 530 gold pieces.
You spent 293 gold pieces at shops.

Inventory:

Hand Weapons
 a - a +2 dagger of draining
   (You took it off a kobold on level 4 of the Dungeon)
 q - a +0 spear of venom
   (You took it off a kobold on level 4 of the Dungeon)
 C - a +1 dagger of venom
   (You found it on level 4 of the Dungeon)
 O - the +5 shortbow of the Gnashing Gods {antimagic, Fragile rN++ Str+2}
   (You took it off an orc warrior in a bailey)

   It reduces the magical energy of the wielder, and disrupts the spells and
   magical abilities of those it strikes.
   Natural abilities and divine invocations are not affected.
   Str:       It affects your strength (+2).
   rN:        It greatly protects you from negative energy.
   Fragile:   It will be destroyed if unequipped.
Missiles
 t - 2 boomerangs (quivered)
 x - 17 poisoned darts
 F - a curare-tipped dart
 G - 3 datura-tipped darts
Armour
 r - the cursed +0 buckler of Supernal Wisdom (worn) {Melee, Fort}
   (You bought it in a shop on level 4 of the Dungeon)

   It has a curse which improves the following skills: Melee Combat: Short
   Blades, Long Blades, Axes, Maces & Flails, Polearms, Staves and Unarmed
   Combat.
   Fortitude: Shields.
Magical Staves
 b - a staff of cold (weapon)
   (You found it on level 1 of the Dungeon)
Jewellery
 c - the cursed ring of the Fated Urgency (left tentacle) {MP+9, Bglg, Melee}
   (You found it on level 4 of the Dungeon)

   [ring of magical power]

   MP:        It affects your magic capacity (+9).
   It has a curse which improves the following skills: Beguiling: Conjurations,
   Hexes and Translocations.
   Melee Combat: Short Blades, Long Blades, Axes, Maces & Flails, Polearms,
   Staves and Unarmed Combat.
 n - the cursed ring "Shattered Together" (right tentacle) {MP+9, Self, Melee}
   (You found it on level 3 of the Dungeon)

   [ring of magical power]

   MP:        It affects your magic capacity (+9).
   It has a curse which improves the following skills: Introspection: Fighting
   and Spellcasting.
   Melee Combat: Short Blades, Long Blades, Axes, Maces & Flails, Polearms,
   Staves and Unarmed Combat.
 w - the cursed ring "Astrological Dogma" (on tentacle) {Wiz, Cun, Fort}
   (You found it on level 5 of the Dungeon)

   [ring of wizardry]

   It improves your spell success rate.
   It has a curse which improves the following skills: Cunning: Dodging and
   Stealth.
   Fortitude: Shields.
 K - the cursed ring "Share My Soothsayer" (on tentacle) {Fire, Evo, Elem}
   (You found it on level 8 of the Dungeon)

   [ring of fire]

   It enhances your fire magic.
   rF:        It protects you from fire.
   rC:        It makes you vulnerable to cold.
   It has a curse which improves the following skills: Evocations: Evocations.
   Elements:  Fire Magic, Ice Magic, Air Magic and Earth Magic.
 R - the cursed ring of the Profound Cosmos (on tentacle) {MP+9, Self, Fort}
   (You found it on level 7 of the Dungeon)

   [ring of magical power]

   MP:        It affects your magic capacity (+9).
   It has a curse which improves the following skills: Introspection: Fighting
   and Spellcasting.
   Fortitude: Shields.
Wands
 y - a wand of roots (9)
   (You found it on level 5 of the Dungeon)
 A - a wand of acid (7)
   (You found it on level 9 of the Dungeon)
 D - a wand of digging (3)
 P - a wand of paralysis (4)
   (You found it on level 3 of the Dungeon)
 V - a wand of flame (15)
   (You found it on level 5 of the Dungeon)
Scrolls
 i - a scroll of fog
 k - 4 scrolls of silence
 m - 5 scrolls of enchant armour
 p - 2 scrolls of immolation
 s - 2 scrolls of vulnerability
 B - a scroll of blinking
 I - a scroll of noise
 J - 2 scrolls of enchant weapon
 L - a scroll of butterflies
 M - a scroll of magic mapping
 T - 4 scrolls of teleportation
 U - 2 scrolls of poison
Potions
 d - a potion of attraction
 e - 3 potions of heal wounds
 h - 3 potions of might
 j - 2 potions of magic
 l - 3 potions of flight
 o - 2 potions of cancellation
 v - a potion of ambrosia
 z - 3 potions of brilliance
 E - 2 potions of invisibility
 H - a potion of haste
 Q - 3 potions of curing
 S - 3 potions of lignification


   Skills:
 - Level 6.0(8.4) Fighting
 - Level 3.0(5.7) Short Blades
 - Level 1.0 Throwing
 - Level 4.6(6.1) Dodging
 - Level 7.4(9.1) Stealth
 - Level 4.5(7.5) Shields
 - Level 5.0(7.3) Spellcasting
 + Level 7.8(9.4) Conjurations
 - Level 2.1(3.4) Hexes
 - Level 4.4(6.0) Translocations
 - Level 6.3(8.0) Fire Magic
 - Level 6.0(7.6) Ice Magic
 - Level 2.3(3.6) Air Magic
 - Level 3.0(4.4) Evocations


You had 3 spell levels left.
You knew the following spells:

 Your Spells              Type           Power      Damage    Failure   Level
a - Flame Wave            Conj/Fire      44%        2d11      1%          4
b - Frozen Ramparts       Ice            78%        1d12      1%          3
c - Hailstorm             Conj/Ice       43%        3d10      1%          3
d - Kindle Blastsparks    Fire/Tloc/Air  64%        2d15      1%          3
e - Iskenderun's Mystic   Conj/Tloc      26%        2d7       2%          4
f - Freeze                Ice            100%       1d10      1%          1
g - Tukima's Dance        Hex            14%        N/A       4%          3

Your spell library contained the following spells:

 Spells                   Type           Power      Damage    Failure   Level
 Inner Flame              Hex/Fire       31%        N/A       1%          3
 Portal Projectile        Hex/Tloc       36%        N/A       3%          3
 Call Canine Familiar     Summ           5%         N/A       21%         3
 Sticky Flame             Conj/Fire      44%        2d6       1%          4
 Fulminant Prism          Conj/Hex       11%        3d8       4%          4
 Passage of Golubria      Tloc           21%        N/A       6%          4
 Leda's Liquefaction      Hex/Erth       5%         N/A       32%         4
 Yara's Violent Unravell  Hex/Tmut       4%         3d4       65%         5
 Lee's Rapid Deconstruct  Erth           2%         3d5*      83%         5


Dungeon Overview and Level Annotations

Branches:
Dungeon (10/15) Zot: 26782  Temple (0/1) D:6            Lair (0/5) D:8
 Bailey (visited)
    Orc: D:9-12

Altars:
Ashenzari
Dithmenos
Gozag
Hepliaklqana
Kikubaaqudgha
Makhleb
Nemelex Xobeh
Qazlal
Ru
Sif Muna
Wu Jian
Xom
Zin

Shops:
D:4 *   D:5 *   D:8 =*!?   D:9 *

Annotations:
D:7 3 runed translucent doors, xzight's ghost, amateur DEFE
D:8 1 runed translucent door, arthad's ghost, novice GnEE


Innate Abilities, Weirdness & Mutations

You cannot wear most types of armour.
You are amphibious.
You can wear up to eight rings at the same time.
Your skin changes colour to match your surroundings (Stealth+).
Your rubbery body absorbs attacks. (AC +1, EV +1)
((You are camouflaged when in or above water. (Stealth+)))
You have tentacles for arms and can constrict up to eight enemies at once.


Message History

The flame wave engulfs the kobold!
You kill the kobold!
You finish channelling waves of flame.
The yak closely misses you.
The kobold brigand throws a curare-tipped dart.
The curare-tipped dart closely misses you.
You now have 30/49 mp.
Casting: Flame Wave (dangerous; 1% risk of failure)
Confirm with . or Enter, or press ? or * to list all spells.
Casting: Flame Wave (dangerous; 1% risk of failure)
Press: ? - help, Dir - look around, f - activate You feel a surge of power!
A wave of flame ripples out!
The flame wave engulfs the yak.
The yak is almost dead. (Press . to intensify the flame waves.)
You block the yak's attack.
You now have 27/49 mp.
A wave of flame ripples out!
The flame wave engulfs the yak.
You kill the yak!
The flame wave engulfs the kobold.
You kill the kobold!
You now have 26/49 mp.
A wave of flame ripples out!
The flame wave engulfs the kobold brigand!
The kobold brigand is moderately wounded.
You finish channelling waves of flame.
You now have 25/49 mp.
Casting: Flame Wave (dangerous; 1% risk of failure)
Confirm with . or Enter, or press ? or * to list all spells.
Casting: Flame Wave (dangerous; 1% risk of failure)
Press: ? - help, Dir - look around, f - activate You feel a surge of power!
A wave of flame ripples out!
The flame wave engulfs the kobold brigand!
The kobold brigand is almost dead. (Press . to intensify the flame waves.)
You block the kobold brigand's attack.
You now have 22/49 mp.
A wave of flame ripples out!
The flame wave engulfs the kobold brigand!
You kill the kobold brigand!
You now have 21/49 mp.
You start resting.
HP restored.
Health restored: 78 You regained 17 mp, and now have 38/49 mp.
You start resting.
Magic restored.
MP restored: 49
F - a curare-tipped dart;
G - 2 scrolls of poison
Items here: ) †††.
Items here: ( )) ††.
x - 16 poisoned darts (gained 8)
Things that are here:
a +0 whip; a +0 short sword; a kobold corpse You sense a monster nearby.
G - a datura-tipped dart;
U - 2 scrolls of poison
G - 3 datura-tipped darts (gained 2)
You sense a monster nearby.
x - 17 poisoned darts (gained 1)
There is a stone staircase leading up here.
You sense a monster nearby.
Found a scroll of silence.
k - 4 scrolls of silence (gained 1)
Found a +1 heavy dire flail.
Found a scroll of identify.
A shadow comes into view.
Okay, then.
You drop a +0 rapier.
You drop a +3 great sword of freezing.
You drop a +4 war axe of freezing.
You drop a +0 broad axe.
Okay, then.
Unknown command.
Okay, then.
A shadow is nearby!
A centaur warrior and a yak come into view.
Casting: Flame Wave (dangerous; 1% risk of failure)
Confirm with . or Enter, or press ? or * to list all spells.
Casting: Flame Wave (dangerous; 1% risk of failure)
Press: ? - help, Dir - look around, f - activate You feel a surge of power!
A wave of flame ripples out!
The flame wave engulfs the shadow!
The shadow is heavily damaged. (Press . to intensify the flame waves.)
You hear a shout!
You hear an angry buzzing noise.
You hear a bellow!
You hear a shout!
You hear a bellow!
You hear an angry buzzing noise.
You hear a horrible gurgling sound!
The shadow hits you!
You take 8 damage, and have 70/78 hp.
You now have 45/49 mp.
A wave of flame ripples out!
The flame wave engulfs the shadow!
You destroy the shadow!
You hear a shout!
You hear an angry hiss.
A killer bee comes into view.
You now have 44/49 mp.
A wave of flame ripples out!
The flame wave engulfs the killer bee!
The killer bee is heavily wounded.
The killer bee buzzes angrily.
You finish channelling waves of flame.
You hear an angry hiss.
You hear a shout!
You hear a howl!
The killer bee stings you. The killer bee barely misses you.
A troll comes into view.
The killer bee completely misses you.
Casting: Flame Wave (dangerous; 1% risk of failure)
Confirm with . or Enter, or press ? or * to list all spells.
Casting: Flame Wave (dangerous; 1% risk of failure)
Press: ? - help, Dir - look around, f - activate You feel a surge of power!
A wave of flame ripples out!
The flame wave engulfs the killer bee!
You kill the killer bee! (Press . to intensify the flame waves.)
You hear a bellow!
You hear an angry buzzing noise.
You hear a bellow!
You now have 40/49 mp.
A wave of flame ripples out!
The flame wave engulfs the troll!
The troll is moderately wounded.
The flame wave engulfs the centaur warrior but does no damage.
You hear an angry hiss.
The troll closely misses you. The troll claws you! The troll barely misses you.
You take 11 damage, and have 59/78 hp.
You now have 39/49 mp.
A wave of flame ripples out!
The flame wave engulfs the troll!
The troll is heavily wounded.
The flame wave engulfs the centaur warrior!
The centaur warrior is moderately wounded.
You finish channelling waves of flame.
You hear an angry buzzing noise.
The troll barely misses you. The troll closely misses you. The troll claws you!
You block the centaur warrior's attack. The centaur warrior kicks you.
You take 12 damage, and have 47/78 hp.
As you read the scroll of teleportation, it crumbles to dust.
You feel strangely unstable. The centaur warrior hits you!
The centaur warrior kicks you. The troll closely misses you.
The troll barely misses you. The troll claws you!
You take 22 damage, and have 25/78 hp.
MASSIVE DAMAGE!!
Casting: Flame Wave (dangerous; 1% risk of failure)
Confirm with . or Enter, or press ? or * to list all spells.
You erupt in a blast of force!
The mystic blast hits the troll.
The troll is heavily wounded.
The troll is knocked back by the mystic blast.
The mystic blast hits the centaur warrior.
The centaur warrior is moderately wounded.
The centaur warrior is knocked back by the mystic blast.
You hear a bellow!
You hear a horrible gurgling sound!
The centaur warrior wields a +3 shortbow.
The centaur warrior shoots an arrow.
The arrow hits you!!
* * * LOW HITPOINT WARNING * * *
A yak comes into view.
You take 23 damage, and have 2/78 hp.
MASSIVE DAMAGE!!
You now have 35/49 mp.
Okay, then.
As you read the scroll of fog, it crumbles to dust.
The scroll dissolves into smoke.
The centaur warrior shoots an arrow.
The arrow hits you!
You die...

, , , * ,
...........######...#
#..........+........# ,
#..........#........#
#..........#........# ,
#..........#...c....## ,
##.#........+§§......?.
##..#.......§#§§§.......
,
#...........§§@§§T######
,
#.###........§##Y......#
* *
#.#∆####...####.#.##....
#.##{ #####{{.# .)#,...
, #..#, ,{ ..{{ ,..# ,
., , , #..# ,c..#.{ ..#
, , #..##, *## .. *,.+#
##..# * #., .., #..#{,,
*#Y .. , *


You could see a centaur warrior and a yak.

Vanquished Creatures
  2 orc knights (Bailey)
  2 kobold demonologists (Bailey)
  A rime drake (D:8)
  A shadow (D:10)
  A wraith (D:9)
  3 yaks (D:10)
  A vampire (D:9)
  2 wyverns
  A steam dragon (D:8)
  Menkaure (D:7)
  2 water moccasins
  6 ice beasts (D:8)
  11 orc warriors
  An ogre (D:5)
  2 wolves (D:8)
  4 centaurs
  A kobold brigand (D:10)
  5 bullfrogs
  3 necrophages
  3 scorpions
  2 wights (D:7)
  A killer bee (D:10)
  5 electric eels (Bailey)
  A howler monkey (D:5)
  8 hounds
  3 orc priests
  4 jellies
  2 gnoll boudas
  8 iguanas
  5 orc wizards
  8 gnolls
  10 adders
  11 river rats (D:6)
  A shadow imp (D:8)
  2 white imps
  2 ufetubi
  2 worms
  A dart slug (D:2)
  23 orcs
  6 endoplasms
  3 giant cockroaches
  16 goblins
  9 hobgoblins
  16 kobolds
  8 quokkas
  7 ball pythons
  3 bats
  5 frilled lizards
  20 rats
245 creatures vanquished.

Vanquished Creatures (collateral kills)
  A yak (D:10)
  A phantom (D:5)
  3 wights (D:7)
  An iguana (D:5)
  An orc wizard (D:4)
  An adder (D:5)
  2 orcs
10 creatures vanquished.

Vanquished Creatures (others)
  5 dancing weapons
  A yak (D:10)
  A gnoll bouda (D:7)
  3 fungi (D:7)
  A plant (D:7)
11 creatures vanquished.

Grand Total: 266 creatures vanquished

Notes
Turn   | Place    | Note
-------+----------+-------------------------------------------
     0 | D:5      | mdonais the Octopode Delver began the quest for the Orb.
     0 | D:5      | Reached XP level 1. HP: 16/16 MP: 1/1
     1 | D:5      | Noticed an iguana
     3 | D:5      | Found Weyb's Overcharged Wands.
    51 | D:4      | Noticed an iguana
    55 | D:4      | Noticed a hound
   108 | D:4      | Reached XP level 2. HP: 11/21 MP: 2/2
   220 | D:3      | Reached XP level 3. HP: 7/26 MP: 3/3
   521 | D:1      | Reached XP level 4. HP: 31/31 MP: 4/4
  1929 | D:3      | Found an ancient bone altar of Kikubaaqudgha.
  1929 | D:3      | Found a shimmering blue altar of Sif Muna.
  1932 | D:3      | Found a broken altar of Ashenzari.
  1932 | D:3      | Found a glowing silver altar of Zin.
  1942 | D:3      | Reached XP level 5. HP: 37/37 MP: 5/5
  1959 | D:3      | Found a burning altar of Makhleb.
  1959 | D:3      | Found a stormy altar of Qazlal.
  1959 | D:3      | Found an ornate altar of the Wu Jian Council.
  1960 | D:3      | Found a sparkling altar of Nemelex Xobeh.
  2052 | D:3      | Became a worshipper of Ashenzari the Shackled
  2494 | D:3      | Learned a level 1 spell: Freeze
  2552 | D:4      | Reached skill level 1 in Ice Magic
  2582 | D:4      | Found Gunaafab's General Store.
  2589 | D:4      | Reached skill level 1 in Spellcasting
  2596 | D:4      | Bought a +0 buckler for 58 gold pieces
  2596 | D:4      | Bought a potion of heal wounds for 65 gold pieces
  2718 | D:4      | Learned a level 3 spell: Frozen Ramparts
  2720 | D:4      | Found an opulent altar of Gozag.
  2871 | D:4      | Reached XP level 6. HP: 34/43 MP: 8/8
  3552 | D:5      | Reached XP level 7. HP: 39/48 MP: 10/10
  3635 | D:5      | Reached skill level 5 in Ice Magic
  3708 | D:5      | Reached skill level 1 in Shields
  3794 | D:5      | Learned a level 3 spell: Hailstorm
  3902 | D:5      | Reached skill level 1 in Conjurations
  4001 | D:5      | Reached XP level 8. HP: 44/54 MP: 11/11
  4980 | D:6      | Reached * piety under Ashenzari
  5084 | D:6      | Reached skill level 5 in Fighting
  5255 | D:6      | Found a shadowy altar of Dithmenos.
  5386 | D:6      | Reached XP level 9. HP: 57/61 MP: 13/13
  5699 | D:6      | Found a staircase to the Ecumenical Temple.
  6142 | D:7      | Found a runed translucent gate.
  6143 | D:7      | Found a runed translucent gate.
  6144 | D:7      | Found a runed translucent gate.
  6147 | D:7      | Noticed xzight's ghost (amateur DEFE)
  6192 | D:7      | Found a sparkling altar of Nemelex Xobeh.
  6321 | D:7      | Learned a level 3 spell: Tukima's Dance
  6336 | D:7      | Learned a level 4 spell: Flame Wave
  6378 | D:7      | Found a sacrificial altar of Ru.
  6378 | D:7      | Found a shimmering altar of Xom.
  6586 | D:7      | Reached skill level 1 in Hexes
  6586 | D:7      | Reached skill level 1 in Fire Magic
  6810 | D:7      | Noticed Menkaure
  6816 | D:7      | Killed Menkaure
  7140 | D:7      | Reached ** piety under Ashenzari
  7297 | D:3      | Found a hazy altar of Hepliaklqana.
  7439 | D:8      | Found Kiazafig's Distillery.
  7494 | D:8      | Found Keistrege's Assorted Antiques.
  7497 | D:8      | Found Myfer's Jewellery Shop.
  7509 | D:8      | Bought 2 ruby potions for 41 gold pieces
  7509 | D:8      | Bought a scroll labelled QEASIMP VUBAS for 23 gold pieces
  7509 | D:8      | Bought a scroll labelled HIHANI YGIUGIE for 23 gold pieces
  7509 | D:8      | Bought a scroll labelled ANNAVOE YWAA for 23 gold pieces
  7527 | D:8      | Found a flagged portal.
  7536 | Bailey   | Entered a bailey
  7557 | Bailey   | Reached skill level 1 in Evocations
  7592 | Bailey   | Noticed an orc knight
  7602 | Bailey   | Noticed an orc knight
  7612 | Bailey   | Reached skill level 1 in Throwing
  7892 | Bailey   | Killed an orc knight
  7893 | Bailey   | Reached skill level 5 in Conjurations
  7893 | Bailey   | Reached XP level 10. HP: 72/72 MP: 15/17
  8004 | Bailey   | Identified a scroll of acquirement
  8142 | Bailey   | Found an iron altar of Okawaru.
  8237 | Bailey   | Identified the +5 shortbow of the Gnashing Gods {antimagic,
                  | Fragile rN++ Str+2}
  8318 | Bailey   | Reached skill level 5 in Fire Magic
  8503 | Bailey   | Noticed a kobold demonologist
  8503 | Bailey   | Noticed a kobold demonologist
  8694 | Bailey   | Acquired a book of Blasting
  8701 | Bailey   | Learned a level 4 spell: Iskenderun's Mystic Blast
  8744 | Bailey   | Noticed a rust devil
  8746 | Bailey   | Killed a kobold demonologist
  8762 | Bailey   | Killed an orc knight
  8946 | Bailey   | Killed a kobold demonologist
  9016 | Bailey   | Identified the +1 helmet of Context {Dex+5}
  9308 | D:8      | Learned a level 3 spell: Kindle Blastsparks
  9325 | D:8      | Reached skill level 1 in Air Magic
  9617 | D:8      | Found Xuzaz's Magic Scroll Boutique.
  9706 | D:8      | Bought a potion of heal wounds for 60 gold pieces
  9757 | D:8      | Found a staircase to the Lair.
  9791 | D:8      | Reached XP level 11. HP: 63/77 MP: 21/21
  9855 | D:8      | Found a runed translucent door.
  9858 | D:8      | Noticed arthad's ghost (novice GnEE)
  9957 | D:8      | Reached skill level 5 in Spellcasting
 10193 | D:8      | Reached *** piety under Ashenzari
 10671 | D:9      | Upgraded the game from 0.30-a0-557-ge2afbf3030 to
                  | 0.30-a0-568-g124715a40b
 10872 | D:9      | Found Nicanwot's General Store.
 11210 | D:10     | Entered Level 10 of the Dungeon
 11415 | D:10     | Noticed a centaur warrior
 11425 | D:10     | HP: 2/78 [centaur warrior/arrow (24)]
 11426 | D:10     | Shot with an arrow by a centaur warrior

Illustrated notes

Levels and vault maps discovered:
D:1:      lemuel_arrival_river_ford, layout_basic, skrybe_limestone_x
D:2:      layout_basic
D:3:      layout_basic, grunt_temple_overflow_open,
          mainiacjoe_overflow_small_starburst
D:4:      layout_loops_ring, lemuel_coloured_pillars_altar, enter_ossuary_2,
          serial_shops, nicolae_shop_statue_plus, minmay_starry_boxes
D:5:      wad_river_or_something, layout_rooms, nicolae_shop_overcharged_wands
D:6:      lemuel_ratsnest, layout_rooms, mainiacjoe_overflow_alcove_1,
          minmay_temple_entry_statues
D:7:      layout_gridville, gammafunk_temple_overflow_elements,
          gammafunk_ghost_nasty_kobolds, kennysheep_diamond, uniq_menkaure
D:8:      layout_basic, hellmonk_lair_entry_icy, serial_shops, shop_statue,
          shop_fountains, nicolae_shop_statue_plus, shop, enter_bailey_2,
          hellmonk_ghost_happy_afterlife
D:9:      layout_loops_corners, serial_shops, nicolae_diamond_shop
D:10:     layout_irregular_city, ebering_ghost_reflecting_pool,
          minmay_pinched_square

Skill      XL: |  1  2  3  4  5  6  7  8  9 10 11 |
---------------+----------------------------------+-----
Stealth        | 7 |  7.4
Dodging        | 3 4 |  4.6
Short Blades   | 3 |  3.0
Fighting       | 4 5 6 |  6.0
Ice Magic      | 1 4 5 6 |  6.0
Spellcasting   | 1 2 3 4 5 |  5.0
Shields        | 3 4 |  4.5
Conjurations   | 1 3 5 6 7 |  7.8
Hexes          | 2 |  2.1
Fire Magic     | 4 6 |  6.3
Evocations     | 1 3 |  3.0
Throwing       | 1 |  1.0
Translocations | 3 4 |  4.4
Air Magic      | 2 |  2.3

Action                   |  1- 3 |  4- 6 |  7- 9 | 10-12 || total
-------------------------+-------+-------+-------+-------++-------
Melee: Short sword       |    25 |    85 |       |       ||   110
       Tentacles         |     5 |    16 |    49 |    12 ||    82
       Constrict         |     4 |    18 |    46 |     7 ||    75
       Dagger            |       |    21 |   211 |    27 ||   259
       Punch             |       |       |     6 |       ||     6
       Staff             |       |       |       |     1 ||     1
Throw: Dart              |     1 |     2 |     7 |    11 ||    21
       Boomerang         |       |       |       |     1 ||     1
 Cast: Frozen Ramparts   |       |       |    23 |     4 ||    27
       Hailstorm         |       |       |    53 |    36 ||    89
       Tukima's Dance    |       |       |    34 |     4 ||    38
       Flame Wave        |       |       |     1 |    52 ||    53
       Kindle Blastspark |       |       |       |    12 ||    12
       Iskenderun's Myst |       |       |       |     1 ||     1
Invok: Curse Item        |       |     1 |     4 |     1 ||     6
Evoke: Wand              |       |       |     9 |     2 ||    11
  Use: Scroll            |     2 |       |     1 |     3 ||     6
       Potion            |     1 |       |     2 |       ||     3
 Stab: Sleeping          |    11 |    27 |    13 |     3 ||    54
       Distracted        |       |     2 |     2 |       ||     4
Armor: Skin              |       |     2 |     7 |     9 ||    18
Dodge: Dodged            |     6 |    38 |    70 |    53 ||   167
Block: Buckler           |       |       |    38 |    25 ||    63

Table legend: (Time is in decaauts)
 A = Elapsed time spent in this place.
 B = Non-inter-level travel time spent in this place.
 C = Inter-level travel time spent in this place.
 D = Time resting spent in this place.
 E = Time spent auto-exploring this place.
 F = Levels seen in this place.
 G = Mean time per level.
                   A        B        C        D        E       F      G
               +--------+--------+--------+--------+--------+-----+--------+
         Total |  11357 |  11010 |    347 |   1489 |   6963 |  11 | 1032.5 |
       Dungeon |   9863 |   9516 |    347 |    969 |   6643 |  10 |  986.3 |
        Bailey |   1494 |   1494 |      0 |    520 |    320 |   1 | 1494.0 |
               +--------+--------+--------+--------+--------+-----+--------+

Top non-repeatable levels by time:
  Bailey: 1494 daAuts
     D:7: 1363 daAuts
     D:8: 1348 daAuts
     D:5: 1229 daAuts
     D:6: 1201 daAuts
     D:4: 1105 daAuts
     D:9: 933 daAuts
     D:1: 902 daAuts
     D:3: 883 daAuts
     D:2: 705 daAuts
    D:10: 190 daAuts
